 Dungeon Crawl Stone Soup version 0.29-a0-802-g34511f41fd (webtiles) character file.

Game seed: 15172249292224321769

67 purpskrrrp the Sneak (level 4, -1/29 HPs)
             Began as an Octopode Brigand on July 3, 2022.
             Slain by an orc
             ... wielding a +0 mace
              (8 damage)
             ... on level 3 of the Dungeon.
             The game lasted 00:08:02 (2195 turns).

purpskrrrp the Sneak (Octopode Brigand)             Turns: 2195, Time: 00:08:02

Health: -1/29      AC:  1    Str: 10    XL:     4   Next: 18%
Magic:  4/4        EV: 13    Int: 13    God:
Gold:   65         SH:  0    Dex: 15    Spells: 3/3 levels left

rFire   . . .      SeeInvis .   a - +2 dagger
rCold   . . .      Faith    .   (no shield)
rNeg    . . .      Spirit   .   (helmet restricted)
rPois   .          Reflect  .   (no amulet)
rElec   .          Harm     .   e - ring of wizardry
rCorr   .          Rampage  .   (no ring)
Will    .....                   (no ring)
Stlth   +++.......              (no ring)
HPRegen 0.09/turn               (no ring)
MPRegen 0.09/turn               (no ring)
                                (no ring)
                                (no ring)

@: confused
A: almost no armour, amphibious, 8 rings, camouflage 1, gelatinous body 1,
(nimble swimmer 1), tentacles
a: no special abilities


You were on level 3 of the Dungeon.
You visited 1 branch of the dungeon, and saw 3 of its levels.

You collected 65 gold pieces.

Inventory:

Hand Weapons
 a - a +2 dagger (weapon)
Missiles
 b - 6 poisoned darts (quivered)
Jewellery
 e - a ring of wizardry (left tentacle)
Potions
 f - a potion of berserk rage {unknown}
 g - a potion of heal wounds {unknown}
 i - a potion of invisibility {unknown}
 j - a potion of lignification {unknown}
 k - 2 potions of curing {unknown}
 l - 2 potions of flight {unknown}


   Skills:
 + Level 2.0 Fighting
 * Level 2.2 Short Blades
 + Level 2.4 Throwing
 + Level 1.1 Dodging
 * Level 7.2 Stealth


You had 3 spell levels left.
You didn't know any spells.
Your spell library was empty.

Dungeon Overview and Level Annotations

Branches:
Dungeon (3/15)

Altars:


Innate Abilities, Weirdness & Mutations

You cannot wear most types of armour.
You are amphibious.
You can wear up to eight rings at the same time.
Your skin changes colour to match your surroundings (Stealth+).
Your rubbery body absorbs attacks. (AC +1, EV +1)
((You are camouflaged when in or above water. (Stealth+)))
You have tentacles for arms and can constrict up to eight enemies at once.


Message History

The orc is moderately wounded.
You constrict the orc, but do no damage.
The orc barely misses you. The orc hits you with a +0 hand axe.
You hit the orc but do no damage. Your squeeze misses the orc.
The orc is moderately wounded.
You constrict the orc.
An orc comes into view. It is wielding a +0 mace.
The orc barely misses you.
The orc wizard hits you with a +0 dagger.
The orc misses you.
You barely miss the orc wizard. You grab the orc wizard.
You constrict the orc wizard. You constrict the orc.
The orc closely misses you. x2
The orc wizard hits you with a +0 dagger.
You hit the orc wizard.
The orc wizard is lightly wounded.
You constrict the orc wizard. You constrict the orc.
The orc hits you with a +0 hand axe.
The orc wizard gestures at you while chanting.
You are confused.
The orc hits you with a +0 dagger.
You release your grip on the orc wizard.
You release your grip on the orc.
An orc comes into view.
It is wielding a +0 flail of holy wrath.
The orc wizard hits you with a +0 dagger.
The orc hits you with a +0 dagger.
* * * LOW HITPOINT WARNING * * *
You closely miss the orc. The orc hits you but does no damage.
The orc wizard hits you but does no damage.
The orc misses you.
You miss the orc wizard. You squeeze the orc wizard!
The orc wizard is severely wounded.
You hit the orc wizard but do no damage.
The orc wizard is severely wounded.
The orc barely misses you. x2
The orc wizard gestures wildly while chanting.
The orc wizard flickers and vanishes!
Deactivating autopickup; reactivate with Ctrl-A.
You're too confused to move!
The orc hits you with a +0 mace!
You die...

#..........#
#..........###
#.....^.......
##....<...###
##....)...##
#..........##
#.............
..#...oo.....###
.......{@.......
###.!...o........
#..........##..
...#.......##
#......#......
###.......#####
#........
#........


You could see 3 orcs.

Vanquished Creatures
  An adder (D:3)
  7 ball pythons
  3 endoplasms
  A giant cockroach (D:1)
  7 goblins
  3 hobgoblins
  8 jackals
  5 kobolds
  3 quokkas
  5 bats
  6 frilled lizards
  2 rats
51 creatures vanquished.

Notes
Turn   | Place    | Note
-------+----------+-------------------------------------------
     0 | D:1      | purpskrrrp the Octopode Brigand began the quest for the
                  | Orb.
     0 | D:1      | Reached XP level 1. HP: 14/14 MP: 1/1
   251 | D:1      | Reached XP level 2. HP: 16/19 MP: 2/2
   255 | D:1      | Reached skill level 6 in Stealth
   389 | D:1      | Found a faded altar of an unknown god.
   462 | D:1      | Reached XP level 3. HP: 16/24 MP: 3/3
  1143 | D:2      | Reached skill level 7 in Stealth
  1421 | D:2      | Identified the +2 pair of gloves of Fun and Games {SInv}
  2170 | D:3      | Reached XP level 4. HP: 29/29 MP: 4/4
  2195 | D:3      | Slain by an orc

Illustrated notes

Levels and vault maps discovered:
D:1:      noname_arrival_rooms_in_the_neighbourhood, layout_basic,
          nicolae_ecumenical_snake_handling
D:2:      layout_basic
D:3:      layout_rooms, cheibrodos_ashenzari_chains, serial_shops, shop_statue,
          minmay_misc_feat_columns, uniq_pargi

Skill      XL: |  1  2  3 |
---------------+----------+-----
Stealth        | 6 7 |  7.2
Fighting       | |  2.0
Short Blades   | |  2.2
Throwing       | |  2.4
Dodging        | |  1.1

Action                   |  1- 3 |  4- 6 || total
-------------------------+-------+-------++-------
Melee: Dagger            |    56 |    10 ||    66
       Constrict         |    15 |     3 ||    18
       Tentacles         |    10 |     4 ||    14
Throw: Dart              |    46 |       ||    46
  Use: Scroll            |     4 |       ||     4
 Stab: Sleeping          |     9 |     1 ||    10
Armor: Skin              |     8 |     2 ||    10
Dodge: Dodged            |    30 |    10 ||    40

Table legend: (Time is in decaauts)
 A = Elapsed time spent in this place.
 B = Non-inter-level travel time spent in this place.
 C = Inter-level travel time spent in this place.
 D = Time resting spent in this place.
 E = Time spent auto-exploring this place.
 F = Levels seen in this place.
 G = Mean time per level.
                   A        B        C        D        E       F      G
               +--------+--------+--------+--------+--------+-----+--------+
         Total |   2182 |   2039 |    143 |      0 |   1612 |   3 |  727.3 |
       Dungeon |   2182 |   2039 |    143 |      0 |   1612 |   3 |  727.3 |
               +--------+--------+--------+--------+--------+-----+--------+

Top non-repeatable levels by time:
     D:2: 1197 daAuts
     D:1: 959 daAuts
     D:3: 25 daAuts
